 Dungeon Crawl Stone Soup version 0.27-a0-1513-g2aaa0cc67b (webtiles) character file.

Game seed: 6991103750961690188

6996 Spaninq the Destroyer (level 10, -19/69 HPs)
             Began as a Purple Draconian Conjurer on July 9, 2021.
             Was a Believer of Vehumet.
             Demolished by a death yak (22 damage)
             ... on level 9 of the Dungeon.
             The game lasted 00:55:30 (13213 turns).

Spaninq the Destroyer (Purple Draconian Conjurer)  Turns: 13213, Time: 00:55:31

Health: -19/69     AC:  9    Str: 12    XL:     10   Next: 82%
Magic:  9/23       EV: 12    Int: 33    God:    Vehumet [**....]
Gold:   544        SH:  0    Dex:  9    Spells: 14/28 levels left

rFire    . . .     SeeInvis .   g - staff of conjuration
rCold    + + .     Faith    .   (no shield)
rNeg     . . .     Spirit   .   (armour unavailable)
rPois    .         Reflect  .   (helmet restricted)
rElec    .         Harm     .   (no cloak)
rCorr    .         Rampage  .   (no gloves)
Will     ++...                  c - +1 pair of boots
Stlth    ++........             (no amulet)
HPRegen  0.21/turn              v - ring "Odazupp" {rC+ Str+3 Int+7}
MPRegen  0.18/turn              m - ring of Worac {rC+ Will+ Int+3 Slay+4}

@: no status effects
A: breathe power, AC +7, unfitting armour, cold-blooded
a: Breathe Dispelling Energy, Renounce Religion


You were on level 9 of the Dungeon.
You worshipped Vehumet.
Vehumet was pleased with you.
You visited 2 branches of the dungeon, and saw 10 of its levels.
You also visited: Sewer.

You collected 544 gold pieces.

Inventory:

Hand Weapons
 b - a +1 war axe of flaming
 d - a +2 short sword of venom
 s - the +5 dagger "Puydd" {speed, Stlth+}
   (You found it on level 6 of the Dungeon)

   Attacks with this weapon are significantly faster.
   Stlth:     It makes you more stealthy.
 F - a +2 whip of electrocution
Missiles
 h - 208 stones
 B - a throwing net
 E - a curare-tipped dart
Armour
 c - a +1 pair of boots (worn)
 i - a +0 kite shield
Magical Staves
 g - a staff of conjuration (weapon)
Jewellery
 a - a ring of protection from cold
 k - an amulet of faith
 m - the ring of Worac (right hand) {rC+ Will+ Int+3 Slay+4}
   (You acquired it on level 7 of the Dungeon)

   [ring of slaying]

   Int:       It affects your intelligence (+3).
   Slay:      It affects your accuracy & damage with ranged weapons and melee
   (+4).
   rC:        It protects you from cold.
   Will:      It increases your willpower.
 v - the ring "Odazupp" (left hand) {rC+ Str+3 Int+7}
   (You found it on level 4 of the Dungeon)

   [ring of protection from cold]

   Str:       It affects your strength (+3).
   Int:       It affects your intelligence (+7).
   rC:        It protects you from cold.
 C - a +4 ring of protection
Wands
 r - a wand of acid (7)
 t - a wand of flame (21)
 u - a wand of charming (8)
 A - a wand of mindburst (23)
 D - a wand of iceblast (10)
Scrolls
 j - 3 scrolls of identify
 n - 2 scrolls of blinking
 x - a scroll of enchant weapon
 y - a scroll of amnesia
Potions
 e - 6 potions of curing
 f - a potion of flight
 p - 2 potions of brilliance
 q - 2 potions of might
 w - a potion of mutation {unknown}
 z - a potion of ambrosia {unknown}


   Skills:
 - Level 2.0 Dodging
 - Level 1.8 Stealth
 + Level 9.8 Spellcasting
 * Level 12.0 Conjurations
 - Level 6.0 Hexes
 - Level 6.0 Earth Magic


You had 14 spell levels left.
You knew the following spells:

 Your Spells              Type           Power      Damage    Failure   Level
a - Magic Dart            Conj           100%       1d8       1%          1
b - Searing Ray           Conj           100%       3d7       1%          2
c - Slow                  Hex            54%        N/A       1%          2
d - Sandblast             Erth           100%       2d20      1%          1
e - Fulminant Prism       Conj/Hex       42%        3d20      1%          4
f - Iskenderun's Mystic   Conj/Tloc      71%        2d14      2%          4

Your spell library contained the following spells:

 Spells                   Type           Power      Damage    Failure   Level
 Inner Flame              Hex/Fire       36%        N/A       2%          3
 Ensorcelled Hibernation  Hex/Ice        72%        N/A       1%          2
 Confusing Touch          Hex            54%        N/A       1%          3
 Dazzling Flash           Conj/Hex       100%       N/A       1%          3
 Spider Form              Tmut/Pois      8%         N/A       9%          3
 Yara's Violent Unravell  Hex/Tmut       18%        3d9       24%         5
 Shadow Creatures         Summ           N/A        N/A       99%         6


Dungeon Overview and Level Annotations

Branches:
Dungeon (9/15)             Temple (1/1) D:6            Lair (0/6) D:9
    Orc (0/2) D:9           Sewer (visited)

Altars:
Dithmenos
Elyvilon
Fedhas
Gozag
Kikubaaqudgha
Makhleb
Qazlal
Sif Muna
Uskayaw
Vehumet
Wu Jian
Xom
Yredelemnul
Zin

Shops:
D:5 (

Annotations:
D:5 2 runed translucent doors, quinnr's ghost, novice TeAE


Innate Abilities, Weirdness & Mutations

You can breathe bolts of dispelling energy.
Your rich purple scales are hard. (AC +7)
You cannot fit into any form of body armour.
You are cold-blooded and may be slowed by cold attacks.


Message History

The death yak resists with some effort.
The death yak looks frightened!
The death yak resists with some effort.
Cornered, the death yak turns to fight!
Aiming: Charm
Press: ? - help, Shift-Dir - straight line, f/p - death yak
Aim: a death yak (moderately wounded, chance to affect: 1%)
Okay, then.
Aiming: Corrosive Bolt
Press: ? - help, Shift-Dir - straight line, f/p - death yak
Aim: a death yak (moderately wounded, 90% to hit)
The bolt of acid hits the death yak!
The death yak is splashed with acid!
The acid corrodes the death yak!
The death yak is heavily wounded.
The bolt of acid hits the death yak.
The death yak is splashed with acid.
The acid corrodes the death yak!
The death yak is moderately wounded.
The bolt of acid hits the death yak!
The death yak is splashed with acid.
The acid corrodes the death yak!
The death yak is lightly wounded.
Aiming: Corrosive Bolt
Press: ? - help, Shift-Dir - straight line, f/p - death yak
Aim: a death yak (heavily wounded, covered in acid, 90% to hit)
The bolt of acid hits the death yak!
The death yak is splashed with acid.
The death yak is severely wounded.
The bolt of acid hits the death yak!
The death yak is splashed with acid.
The death yak seems to be corroded for longer.
The death yak is heavily wounded.
The bolt of acid hits the death yak!
The death yak is splashed with acid.
The death yak seems to be corroded for longer.
The death yak is moderately wounded.
The death yak gores you!!
* * * LOW HITPOINT WARNING * * *
You feel better. The death yak gores you!
* * * LOW HITPOINT WARNING * * *
Aiming: Mindburst
Press: ? - help, Shift-Dir - straight line, f/p - death yak
Aim: a death yak (severely wounded, covered in acid, chance to affect: 7%)
The death yak resists with almost no effort.
The death yak gores you!!
You die...

.#
#.....##..<##.######.#
#..# # .#
#.###.##...##Y# #.#
#..# # .# #.#
#.##...##.# #.# #..# #
.# #.# #.##...##l# #.#
#..# # .# #.#
#.##...##.# #.# # .#
#.# #.##...##Y# #.# #
.# #.# #.##...##Y# .#
.# #.# #.##...##Y# .#
#.# #.##...##@# .# #.#
#.##...##.# .###.#
#.##...##.# .....#
#......##.# ######
###########


You could see 4 death yaks and a wyvern (slow).

Vanquished Creatures
  A two-headed ogre (D:9)
  A death yak (D:9)
  Pikel (D:9)
  A manticore (D:9)
  Maggie (D:8)
  A hornet (D:9)
  Prince Ribbit (D:7)
  A wyvern (D:8)
  Grum (D:9)
  2 steam dragons (D:8)
  2 water moccasins (D:6)
  An orc warrior (D:9)
  3 sky beasts
  A necrophage (D:5)
  An ice beast (D:8)
  2 wolves (D:8)
  A centaur (D:7)
  2 kobold brigands
  4 bullfrogs
  A gnoll sergeant (D:8)
  A wyvern skeleton (D:6)
  4 scorpions
  2 water moccasin zombies
  9 killer bees
  10 wights
  2 howler monkeys (D:8)
  2 jellies
  3 hounds
  2 orc priests
  2 bullfrog skeletons (D:5)
  A gnoll shaman (D:7)
  3 iguanas
  2 centaur skeletons
  Natasha (thrice) (D:2)
  7 orc wizards
  A hound skeleton (D:4)
  2 howler monkey zombies
  Robin (D:2)
  2 adders
  12 gnolls
  2 river rats (D:4)
  A shadow imp (D:5)
  2 ufetubi
  2 dart slugs (D:4)
  29 orcs
  3 bats
  3 endoplasms
  4 giant cockroaches
  15 goblins
  6 hobgoblins
  6 jackals
  4 quokkas
  7 ball pythons
  3 frilled lizards
  22 kobolds
  3 rats
  9 fulminant prisms
221 creatures vanquished.

Vanquished Creatures (others)
  35 fulminant prisms
  12 plants
  A withered plant (D:2)
48 creatures vanquished.

Grand Total: 269 creatures vanquished

Notes
Turn   | Place    | Note
-------+----------+-------------------------------------------
     0 | D:1      | Spaninq the Draconian Conjurer began the quest for the Orb.
     0 | D:1      | Reached XP level 1. HP: 14/14 MP: 3/3
   404 | D:1      | Reached XP level 2. HP: 17/20 MP: 0/5
   469 | D:1      | Learned a level 2 spell: Searing Ray
  1218 | D:2      | Found a glowing silver altar of Zin.
  1321 | D:2      | Noticed Robin
  1520 | D:2      | Found a faded altar of an unknown god.
  1591 | D:2      | Reached XP level 3. HP: 22/26 MP: 3/6
  1777 | D:2      | Killed Robin
  1934 | D:2      | Noticed Natasha
  1942 | D:2      | Killed Natasha
  1943 | D:2      | Reached skill level 5 in Conjurations
  1943 | D:2      | Reached XP level 4. HP: 23/33 MP: 5/8
  2464 | D:2      | Found a faded altar of an unknown god.
  2564 | D:2      | Found a glowing silver altar of Zin.
  2568 | D:2      | Noticed Natasha
  2588 | D:2      | Killed Natasha
  3089 | D:2      | Noticed Natasha
  3149 | D:2      | Found a glowing silver altar of Zin.
  3211 | D:2      | Killed Natasha
  3375 | D:3      | Found an ornate altar of the Wu Jian Council.
  3526 | D:3      | Found a stormy altar of Qazlal.
  3605 | D:3      | Found an opulent altar of Gozag.
  3946 | D:3      | Reached XP level 5. HP: 37/38 MP: 4/9
  4093 | D:4      | Reached skill level 6 in Conjurations
  4147 | D:4      | Found a glowing drain.
  4166 | D:4      | Noticed a sky beast
  4171 | Sewer    | Entered a sewer
  4408 | Sewer    | Reached XP level 6. HP: 45/45 MP: 11/11
  4782 | D:4      | Killed a sky beast
  5107 | D:4      | You fall into a shaft and drop 3 floors!
  5112 | D:7      | Identified a scroll of acquirement
  5112 | D:7      | Acquired a staff of conjuration
  5128 | D:7      | Reached skill level 7 in Conjurations
  5269 | D:7      | Found an ancient bone altar of Kikubaaqudgha.
  5271 | D:7      | Acquired the ring of Worac {rC+ Will+ Int+3 Slay+4}
  5393 | D:6      | Found a staircase to the Ecumenical Temple.
  5394 | D:6      | Noticed a sky beast
  5398 | D:6      | Identified the +5 dagger "Puydd" {speed, Stlth+}
  5401 | D:6      | Killed a sky beast
  5402 | D:6      | Your scales start taking on a rich purple colour.
  5402 | D:6      | Reached skill level 5 in Spellcasting
  5402 | D:6      | Reached XP level 7. HP: 33/50 MP: 7/14
  5516 | Temple   | Entered the Ecumenical Temple
  5522 | Temple   | Became a worshipper of Vehumet
  5548 | D:5      | Entered Level 5 of the Dungeon
  5623 | D:5      | Learned a level 2 spell: Slow
  5746 | D:5      | Reached skill level 1 in Hexes
  5803 | D:5      | Reached skill level 8 in Conjurations
  5869 | D:5      | Found Feugeikk's Antique Weapon Shop.
  6216 | D:4      | Identified the ring "Odazupp" {rC+ Str+3 Int+7}
  6536 | D:5      | Reached XP level 8. HP: 57/57 MP: 12/17
  6651 | D:5      | Found a runed translucent door.
  6652 | D:5      | Noticed quinnr's ghost (novice TeAE)
  6703 | D:5      | Found a runed translucent door.
  6732 | D:5      | Reached * piety under Vehumet
  6732 | D:5      | Offered knowledge of Sandblast by Vehumet.
  6737 | D:5      | Learned a level 1 spell: Sandblast
  7358 | D:6      | Reached skill level 1 in Earth Magic
  8173 | D:6      | Reached skill level 9 in Conjurations
  8621 | D:7      | Reached XP level 9. HP: 62/62 MP: 15/19
  8733 | D:7      | Noticed Prince Ribbit
  8811 | D:7      | Reached skill level 5 in Earth Magic
  8838 | D:7      | Killed Prince Ribbit
  9057 | D:7      | Reached ** piety under Vehumet
  9081 | D:7      | Offered knowledge of Shock by Vehumet.
  9422 | D:8      | Learned a level 4 spell: Fulminant Prism
  9428 | D:8      | Noticed Maggie
  9436 | D:8      | Killed Maggie
  9437 | D:8      | Reached skill level 10 in Conjurations
 10308 | D:8      | Reached XP level 10. HP: 69/69 MP: 17/22
 10703 | D:9      | Noticed Grum
 10703 | D:9      | Noticed a deep elf pyromancer
 10884 | D:9      | Found a hide-covered altar of Uskayaw.
 10932 | D:9      | Noticed a death yak
 10962 | D:9      | Found a staircase to the Lair.
 10962 | D:9      | Noticed a death yak
 10970 | D:9      | Noticed a death yak
 10973 | D:9      | Noticed a death yak
 10973 | D:9      | Noticed a death yak
 10974 | D:9      | Noticed a manticore
 10976 | D:9      | Noticed a death yak
 11302 | D:9      | Learned a level 4 spell: Iskenderun's Mystic Blast
 11968 | D:9      | Killed Grum
 12128 | D:9      | Killed a manticore
 12129 | D:9      | Reached skill level 11 in Conjurations
 12402 | D:9      | Noticed a two-headed ogre
 12684 | D:9      | Killed a two-headed ogre
 12685 | D:9      | Reached skill level 5 in Hexes
 12709 | D:9      | Found a staircase to the Orcish Mines.
 13021 | D:9      | Noticed Pikel
 13026 | D:9      | Killed Pikel
 13172 | D:9      | Killed a death yak
 13172 | D:9      | Offered knowledge of Inner Flame by Vehumet.
 13173 | D:9      | Reached skill level 12 in Conjurations
 13212 | D:9      | HP: 2/69 [death yak (12)]
 13213 | D:9      | Demolished by a death yak

Illustrated notes

Levels and vault maps discovered:
D:1:      minmay_arrival_five_plusses, layout_basic
D:2:      layout_basic, ebering_ecumenical_altar_petrified, basic_altar,
          uniq_natasha, uniq_robin
D:3:      layout_basic, nicolae_qazlal_eye_of_the_storm,
          grunt_gozag_breadcrumbs, mainiacjoe_overflow_cross_hatched
D:4:      layout_loops_cross, enter_ossuary_1, portal_sewer_entry_a,
          minivault_14, serial_park_tiny_2
D:5:      layout_rooms, serial_shops, nicolae_square_shop, ebering_ghost_sewer_f
D:6:      layout_layer_cave, minmay_temple_entry_large_hall,
          columned_hall_lemuel
D:7:      layout_basic, pf_just_have_faith, uniq_prince_ribbit1
D:8:      layout_basic, uniq_maggie
D:9:      layout_long_grid, kennysheep_mini, eat_drink_and_be_merry_uskayaw,
          dpeg_lair_monsters, david_orc_3, serial_bayou_crossing, uniq_grum,
          uniq_pikel
Temple:   eino_narrow_crystal_temple

Skill      XL: |  1  2  3  4  5  6  7  8  9 10 |
---------------+-------------------------------+-----
Dodging        | 2 |  2.0
Conjurations   | 5 6 7 8 9 10 12 | 12.0
Spellcasting   | 3 5 6 7 8 9 |  9.8
Hexes          | 2 3 6 |  6.0
Earth Magic    | 4 6 |  6.0
Stealth        | |  1.8

Action                   |  1- 3 |  4- 6 |  7- 9 | 10-12 || total
-------------------------+-------+-------+-------+-------++-------
Melee: Short sword       |    19 |   135 |       |       ||   154
       War axe           |     3 |       |       |       ||     3
       Tailslap          |     1 |    10 |       |       ||    11
       Staff             |       |     1 |     7 |     2 ||    10
 Cast: Magic Dart        |    59 |    32 |    50 |    16 ||   157
       Searing Ray       |       |    12 |    58 |    15 ||    85
       Sandblast         |       |       |     1 |     5 ||     6
       Fulminant Prism   |       |       |     9 |    35 ||    44
       Slow              |       |       |       |     3 ||     3
 Abil: Breathe Dispellin |       |       |     2 |     1 ||     3
Evoke: Wand              |       |       |       |     3 ||     3
  Use: Potion            |       |     1 |       |     4 ||     5
       Scroll            |       |     7 |     5 |     4 ||    16
 Stab: Sleeping          |       |     1 |       |       ||     1
Armor: Skin              |    14 |    36 |    20 |    14 ||    84
Dodge: Dodged            |    17 |   101 |    36 |    26 ||   180

Table legend: (Time is in decaauts)
 A = Elapsed time spent in this place.
 B = Non-inter-level travel time spent in this place.
 C = Inter-level travel time spent in this place.
 D = Time resting spent in this place.
 E = Time spent auto-exploring this place.
 F = Levels seen in this place.
 G = Mean time per level.
                   A        B        C        D        E       F      G
               +--------+--------+--------+--------+--------+-----+--------+
         Total |  13396 |  12814 |    582 |   2314 |   8181 |  11 | 1217.8 |
       Dungeon |  12644 |  12062 |    582 |   2314 |   7751 |   9 | 1404.9 |
        Temple |     12 |     12 |      0 |      0 |      0 |   1 |   12.0 |
         Sewer |    738 |    738 |      0 |      0 |    430 |   1 |  738.0 |
               +--------+--------+--------+--------+--------+-----+--------+

Top non-repeatable levels by time:
     D:8: 2797 daAuts
     D:2: 2353 daAuts
     D:6: 1368 daAuts
     D:4: 1181 daAuts
     D:9: 1141 daAuts
     D:7: 1098 daAuts
     D:1: 1003 daAuts
     D:3: 878 daAuts
     D:5: 822 daAuts
   Sewer: 738 daAuts
  Temple: 12 daAuts
